 Dungeon Crawl Stone Soup version 0.29-a0-732-g3d7fbe0af2 (webtiles) character file.

Game seed: 5255397424838841060

268331 DuloT34 the Warrior (level 18, -1/174 HPs)
             Began as a Demigod Ice Elementalist on June 28, 2022.
             Slain by a vault warden
             ... wielding a +0 great mace
              (42 damage)
             ... on level 3 of the Vaults on June 29, 2022.
             The game lasted 03:14:21 (95418 turns).

DuloT34 the Warrior (Demigod Ice Elementalist)     Turns: 95418, Time: 03:14:22

Health: -1/174     AC: 11    Str:  9    XL:     18   Next: 66%
Magic:  7/41       EV: 21    Int: 45    God:
Gold:   1883       SH:  0    Dex: 14    Spells: 6/44 levels left

rFire   . . .      SeeInvis +   s - +8 trident of Yvyxzaf {vorpal, Will+ Int+4}
rCold   . . .      Faith    .   D - +3 kite shield {reflect}
rNeg    + . .      Spirit   .   i - +2 leather armour of the Great Game {Drain rElec Will++ Stlth+}
rPois   .          Reflect  +   v - +1 helmet {SInv}
rElec   +          Harm     .   Y - scarf {repulsion}
rCorr   +          Rampage  .   g - +0 pair of gloves
Will    ++++.                   S - +1 pair of boots of the Original Sin {+Blink rN+}
Stlth   ++........              (no amulet)
HPRegen 0.39/turn               e - ring of resist corrosion
MPRegen 0.27/turn               u - +4 ring of evasion

@: confused, ambrosia-drunk, repel missiles
A: high MP 1, forlorn, divine attributes, mutation resistance 1
}: 2/15 runes: decaying, serpentine
a: Evoke Blink


You were on level 3 of the Vaults.
You visited 7 branches of the dungeon, and saw 34 of its levels.

You collected 3694 gold pieces.
You spent 1811 gold pieces at shops.

Inventory:

Hand Weapons
 s - the +8 trident of Yvyxzaf (weapon) {vorpal, Will+ Int+4}
   (You bought it in a shop on level 5 of the Dungeon)

   It inflicts extra damage upon your enemies.
   Int:       It affects your intelligence (+4).
   Will:      It increases your willpower.
Armour
 a - the +0 robe "Nugut" {Str+3 Stlth+}
   (You bought it in a shop on level 2 of the Orcish Mines)

   Str:       It affects your strength (+3).
   Stlth:     It makes you more stealthy.
 g - a +0 pair of gloves (worn)
 i - the +2 leather armour of the Great Game (worn) {Drain rElec Will++ Stlth+}
   (You bought it in a shop on level 1 of the Elven Halls)

   rElec:     It insulates you from electricity.
   Drain:     It drains your maximum health when unequipped.
   Will:      It greatly increases your willpower.
   Stlth:     It makes you more stealthy.
 v - a +1 helmet of see invisible (worn)
 z - the +0 leather armour "Coskicwu" {Harm rPois Dex+5}
   (You found it on level 8 of the Dungeon)

   Dex:       It affects your dexterity (+5).
   rPois:     It protects you from poison.
   Harm:      It increases damage dealt and taken.
 D - a +3 kite shield of reflection (worn)
 S - the +1 pair of boots of the Original Sin (worn) {+Blink rN+}
   (You found it on level 3 of the Lair of Beasts)

   rN:        It protects you from negative energy.
   +Blink:    It lets you blink.
 Y - a scarf of repulsion (worn)
Jewellery
 e - a ring of resist corrosion (left hand)
 u - a +4 ring of evasion (right hand)
 F - a ring of positive energy
 H - a +4 ring of protection
 P - a +6 ring of intelligence
 Z - the ring "Ujuusuimp" {Fly rPois rN++ Int-5 Dex+4}
   (You bought it in a shop on level 1 of the Elven Halls)

   [ring of flight]

   Int:       It affects your intelligence (-5).
   Dex:       It affects your dexterity (+4).
   rPois:     It protects you from poison.
   rN:        It greatly protects you from negative energy.
   Fly:       It grants you flight.
Wands
 o - a wand of paralysis (30)
 r - a wand of quicksilver (2)
 t - a wand of mindburst (18)
 w - a wand of iceblast (8)
 x - a wand of flame (64)
 J - a wand of digging (15)
 K - a wand of polymorph (18)
Scrolls
 k - 3 scrolls of summoning
 p - 4 scrolls of immolation
 q - 8 scrolls of teleportation
 y - 5 scrolls of amnesia
 A - 7 scrolls of poison
 C - 8 scrolls of identify
 E - 2 scrolls of brand weapon
 G - 2 scrolls of enchant armour
 I - 9 scrolls of enchant weapon
 N - a scroll of fog
 O - 6 scrolls of magic mapping
 Q - 5 scrolls of fear
 R - a scroll of blinking
 U - a scroll of silence
Potions
 b - 4 potions of magic
 c - 4 potions of attraction
 d - 6 potions of flight
 f - 4 potions of haste
 h - 5 potions of might
 j - 4 potions of curing
 l - 8 potions of lignification
 m - 4 potions of mutation
 n - a potion of heal wounds
 B - 4 potions of brilliance
 L - 2 potions of ambrosia
 T - a potion of cancellation
 V - 2 potions of berserk rage
 W - 3 potions of invisibility
Miscellaneous
 M - a condenser vane
 X - a phantom mirror


   Skills:
 + Level 18.9 Fighting
 - Level 4.0 Armour
 - Level 14.0 Dodging
 - Level 1.7 Stealth
 - Level 13.0 Shields
 + Level 13.8 Spellcasting
 - Level 12.0 Ice Magic
 - Level 5.0 Earth Magic
 - Level 5.0 Poison Magic
 + Level 1.9 Evocations


You had 6 spell levels left.
You knew the following spells:

 Your Spells              Type           Power      Damage    Failure   Level
a - Freeze                Ice            100%       1d11      0%          1
b - Frozen Ramparts       Ice            100%       1d12      1%          3
c - Ozocubu's Armour      Ice            96%        N/A       1%          3
d - Stone Arrow           Conj/Erth      100%       3d13      2%          3
e - Mephitic Cloud        Conj/Pois/Air  46%        N/A       3%          3
f - Ignite Poison         Fire/Tmut/Pois 46%        N/A       3%          3
g - Olgreb's Toxic Radia  Pois           66%        N/A       2%          4
h - Summon Ice Beast      Ice/Summ       71%        N/A       1%          4
i - Dispel Undead         Necr           31%        3d14      22%         4
j - Ozocubu's Refrigerat  Ice            48%        4d14      14%         7
k - Swiftness             Air            31%        N/A       7%          3

Your spell library contained the following spells:

 Spells                   Type           Power      Damage    Failure   Level
 Sandblast                Erth           100%       2d20      1%          1
 Sting                    Tmut/Pois      100%       1d8       1%          1
 Ensorcelled Hibernation  Hex/Ice        100%       N/A       1%          2
 Passwall                 Tmut/Erth      43%        N/A       1%          2
 Poisonous Vapours        Pois/Air       100%       N/A       1%          2
 Hailstorm                Conj/Ice       71%        3d15      1%          4
 Apportation              Tloc           62%        N/A       2%          1
 Foxfire                  Conj/Fire      100%       2x1d9     2%          1
 Magic Dart               Conj           100%       1d8       2%          1
 Necrotize                Necr           100%       1d9       2%          1
 Shock                    Conj/Air       100%       1d9       2%          1
 Slow                     Hex            100%       N/A       2%          1
 Summon Small Mammal      Summ           100%       N/A       2%          1
 Spider Form              Tmut/Pois      52%        N/A       2%          3
 Blink                    Tloc           62%        N/A       3%          2
 Searing Ray              Conj           62%        2d6       3%          2
 Static Discharge         Conj/Air       31%        N/A       3%          2
 Call Canine Familiar     Summ           31%        N/A       7%          3
 Confusing Touch          Hex            31%        N/A       7%          3
 Conjure Flame            Conj/Fire      31%        6-21      7%          3
 Inner Flame              Hex/Fire       31%        N/A       7%          3
 Portal Projectile        Hex/Tloc       62%        N/A       7%          3
 Summon Guardian Golem    Hex/Summ       31%        N/A       7%          3
 Vampiric Draining        Necr           31%        2d8       7%          3
 Animate Armour           Summ/Erth      100%       N/A       8%          4
 Leda's Liquefaction      Hex/Erth       26%        N/A       8%          4
 Corpse Rot               Necr/Pois/Air  46%        N/A       11%         4
 Freezing Cloud           Conj/Ice/Air   30%        6-21      12%         5
 Airstrike                Air            15%        N/A       22%         4
 Anguish                  Hex/Necr       15%        N/A       22%         4
 Animate Dead             Necr           31%        N/A       22%         4
 Flame Wave               Conj/Fire      31%        2d8       22%         4
 Fulminant Prism          Conj/Hex       15%        3d11      22%         4
 Sticky Flame             Conj/Fire      31%        2d5       22%         4
 Simulacrum               Ice/Necr       35%        N/A       28%         6
 Agony                    Necr           31%        N/A       52%         5
 Blade Hands              Tmut           15%        N/A       52%         5
 Manifold Assault         Tloc           31%        N/A       52%         5
 Summon Mana Viper        Hex/Summ       31%        N/A       52%         5
 Iron Shot                Conj/Erth      26%        9d6       77%         6
 Death Channel            Necr           15%        N/A       98%         6
 Enfeeble                 Hex            15%        N/A       100%        7
 Monstrous Menagerie      Summ           15%        N/A       100%        7
 Storm Form               Tmut/Air       15%        N/A       100%        7
 Ignition                 Fire           15%        3d6       100%        8
 Lehudib's Crystal Spear  Conj/Erth      26%        10d7      100%        8
 Summon Horrible Things   Summ           15%        N/A       100%        8
 Chain Lightning          Conj/Air       15%        3d20      100%        9
 Fire Storm               Conj/Fire      15%        8d4       100%        9
 Shatter                  Erth           33%        3d27*     100%        9


Dungeon Overview and Level Annotations

Branches:
Dungeon (14/15)            Temple (0/1) D:7            Lair (6/6) D:11
  Swamp (4/4) Lair:4        Snake (4/4) Lair:3        Slime (0/5) Lair:6
    Orc (2/2) D:9             Elf (1/3) Orc:2        Vaults (3/5) D:14
  Crypt (0/3) Vaults:2

Shops:
D:5 (   D:10 [   D:13 [*   D:14 (   Orc:1 [   Orc:2 *[*:(   Elf:1 [*(*(

Annotations:
D:14 Roxanne
Swamp:3 Mlioglotl
Elf:1 6 runed translucent doors
Vaults:2 2 transporters, exclusion: orange crystal statue


Innate Abilities, Weirdness & Mutations

You have an increased reservoir of magic. (+10% MP)
You shall have no god before yourself.
Your divine heritage dramatically boosts your attributes as you level up.
You are somewhat resistant to further mutation.


Message History

You puncture the vault warden!
The vault warden is almost dead.
You block the vault warden's attack.
The vault warden hits you with a +0 great mace!
You hit the vault warden.
The vault warden is almost dead.
The vault warden hits you with a +0 great mace!!
You are too injured to fight recklessly!
You are too injured to fight recklessly!
You closely miss the vault warden.
The vault warden is almost dead.
The vault warden hits you with a +0 great mace!!
The vault warden hits you with a +0 great mace!
* * * LOW HITPOINT WARNING * * *
Okay, then.
Aiming: Quicksilver Bolt
Press: ? - help, Shift-Dir - straight line, f/p - vault warden
Aim: a vault warden, wielding a +0 great mace and wearing a +0 plate armour (severely wounded, 71% to hit)
The bolt of dispelling energy misses the vault warden.
The vault warden hits you with a +0 great mace!
* * * LOW HITPOINT WARNING * * *
Aiming: Quicksilver Bolt
Press: ? - help, Shift-Dir - straight line, f/p - vault warden
Aim: a vault warden, wielding a +0 great mace and wearing a +0 plate armour (severely wounded, 71% to hit)
The bolt of dispelling energy hits the vault warden!
The vault warden is almost dead.
You can drink potions again.
You block the vault warden's attack.
Aiming: Mindburst
Press: ? - help, Shift-Dir - straight line, f/p - vault warden
Aim: a vault warden, wielding a +0 great mace and wearing a +0 plate armour (almost dead, chance to affect: 37%)
Okay, then.
Press: ? - help, v - describe, . - travel, g - get item
Here: a vault warden, wielding a +0 great mace and wearing a +0 plate armour (almost dead)
Items here: a +0 ring mail; a human corpse; a very ugly thing corpse.
The floor, spattered with blood.
You are confused.
You feel invigorated.
The vault warden hits you with a +0 great mace!!!
You die...

.....# ###..## ##..#
#..# #..# ##..#
########## ###..##
#........ ##...#
#...).### ##.###
#..@p)..# ####
#...#.### ### #...#
). ..### #.### ##
)...##########...#
......#......+.### #
..<...+......#...#
..
.....##......#...#.#
.....##......#.....#


You could see a vault warden.

Vanquished Creatures
  Bai Suzhen (Swamp:4)
  Saint Roka (Vaults:1)
  Jorgrun (Elf:1)
  2 quicksilver dragons (Snake:4)
  2 sphinxes (Vaults:1)
  Frances (D:14)
  Donald (Swamp:3)
  A fenstrider witch (Swamp:2)
  3 nagarajas (Snake:4)
  An orc warlord (Orc:2)
  A curse skull (Vaults:2)
  2 vault wardens (Vaults:1)
  A ghoul (Swamp:4)
  Aizul (Snake:1)
  5 ironbound preservers (Vaults:2)
  A very ugly thing (Vaults:3)
  A war gargoyle (Vaults:3)
  A stone giant (shapeshifter) (D:14)
  3 ironbound thunderhulks (Vaults:2)
  2 entropy weavers
  2 deep elf annihilators (Elf:1)
  2 eleionomae
  A deep elf demonologist (Elf:1)
  5 bunyips
  A dire elephant (Vaults:1)
  2 ettins (Orc:1)
  Josephine (D:14)
  A yaktaur captain (Vaults:1)
  2 deep elf high priests (Elf:1)
  3 great orbs of eyes
  4 boulder beetles
  24 hydras
  4 salamander tyrants
  A vault guard (D:14)
  2 centaur warriors
  4 two-headed ogres
  3 catoblepae
  15 death yaks
  7 alligators
  13 anacondas
  3 ironbound frosthearts
  9 naga warriors
  12 naga sharpshooters
  9 dancing weapons
  A soul eater (Vaults:2)
  5 deep elf knights (Elf:1)
  An orc high priest (Orc:2)
  7 shock serpents
  A skeletal warrior (Vaults:2)
  3 salamander mystics
  3 goliath frogs
  2 spriggan druids
  6 naga ritualists
  5 bog bodies
  11 deep trolls (Vaults:2)
  7 ironbound convokers
  Pikel (D:6)
  15 swamp dragons
  8 lindwurms
  7 deep elf archers (Elf:1)
  5 orc knights
  A wizard (Vaults:1)
  18 ugly things
  8 deep elf zephyrmancers (Elf:1)
  9 harpies
  16 deep elf pyromancers
  4 orc sorcerers
  3 mana vipers
  An oklob plant (Lair:2)
  4 manticores
  14 salamanders
  6 cyclopes
  5 will-o-the-wisps
  15 elephants
  38 black mambas
  5 vault sentinels
  7 guardian serpents
  17 naga magi
  A torpor snail (Lair:5)
  2 gargoyles
  25 cane toads
  2 kobold demonologists
  13 komodo dragons
  2 efreet (D:14)
  5 rime drakes (Lair:5)
  A tengu conjurer (D:13)
  13 polar bears
  11 yaktaurs
  2 bloated husks
  A queen bee (Lair:1)
  8 tyrant leeches
  4 trolls
  2 hornets (Swamp:2)
  21 slime creatures
  4 blink frogs
  3 raiju (Lair:6)
  3 dream sheep (Lair:5)
  8 wyverns
  3 spriggans (Swamp:2)
  3 shadows
  2 water elementals (Elf:1)
  63 yaks
  Eustachio (D:5)
  6 wraiths
  A steam dragon (Lair:3)
  9 basilisks
  10 humans (D:14)
  5 vampire mosquitoes
  2 redbacks (Vaults:1)
  10 wargs
  48 nagas
  9 swamp worms
  An acid dragon (D:10)
  16 water moccasins
  A floating eye (shapeshifter) (D:12)
  12 hell hounds (Lair:6)
  A sky beast (D:5)
  6 swamp drakes
  30 orc warriors
  An ice beast (D:8)
  22 wolves
  8 ogres
  13 black bears
  2 phantoms
  7 centaurs
  A lemure (D:6)
  2 kobold brigands (D:9)
  A nameless horror (Snake:2)
  14 bullfrogs
  4 necrophages
  5 scorpions
  26 wights
  23 killer bees (Lair:1)
  3 howler monkeys (D:9)
  An electric eel (Lair:5)
  7 hounds
  2 human simulacra (Vaults:1)
  2 jellies
  24 orc priests
  4 iguanas
  32 orc wizards
  7 gnolls
  5 adders
  2 shadow imps (D:7)
  3 white imps
  2 ufetubi
  A worm (D:3)
  2 dart slugs
  63 orcs
  11 endoplasms
  3 giant cockroaches
  9 goblins
  9 hobgoblins
  3 jackals (D:4)
  2 quokkas
  5 ball pythons
  6 bats
  3 frilled lizards
  19 kobolds
  5 rats
1155 creatures vanquished.

Vanquished Creatures (collateral kills)
  the Lernaean hydra (Swamp:4)
  2 dire elephants (Vaults:1)
  2 hydras
  A peacekeeper (Vaults:1)
  A deep elf zephyrmancer (Elf:1)
  A salamander (Snake:2)
  A black mamba (Snake:2)
  3 tyrant leeches
  2 nagas
  2 swamp drakes
  A black bear (Lair:6)
17 creatures vanquished.

Vanquished Creatures (others)
  2 bloated husks
  A human (D:14)
  An orc (Elf:1)
  20 foxfires
  40 fungi
  147 plants
  2 starspawn tentacles (Swamp:3)
  5 withered plants (D:3)
218 creatures vanquished.

Grand Total: 1390 creatures vanquished

Notes
Turn   | Place    | Note
-------+----------+-------------------------------------------
     0 | D:1      | DuloT34 the Demigod Ice Elementalist began the quest for
                  | the Orb.
     0 | D:1      | Reached XP level 1. HP: 14/14 MP: 5/5
   738 | D:1      | Reached XP level 2. HP: 19/20 MP: 5/8
  1921 | D:2      | Reached XP level 3. HP: 22/26 MP: 3/10
  2063 | D:2      | Learned a level 3 spell: Frozen Ramparts
  2695 | D:3      | Learned a level 3 spell: Ozocubu's Armour
  2906 | D:3      | Noticed a +0 short sword
  2907 | D:3      | Noticed a +0 dagger
  2907 | D:3      | Noticed a +0 spear
  2908 | D:3      | Noticed a +0 falchion
  2911 | D:3      | Noticed a +0 falchion
  2912 | D:3      | Noticed a +0 short sword
  2915 | D:3      | Noticed a +0 spear
  2919 | D:3      | Noticed a +0 dagger
  3579 | D:3      | Reached XP level 4. HP: 24/33 MP: 12/12
  3921 | D:4      | Learned a level 3 spell: Stone Arrow
  4378 | D:4      | Noticed a necrophage
  4387 | D:4      | Reached skill level 1 in Earth Magic
  4410 | D:4      | Killed a necrophage
  4411 | D:4      | Reached XP level 5. HP: 13/38 MP: 0/14
  5240 | D:4      | Reached XP level 6. HP: 38/45 MP: 8/15
  5766 | D:4      | Reached skill level 1 in Fighting
  6085 | D:5      | Entered Level 5 of the Dungeon
  6100 | D:5      | Reached skill level 2 in Fighting
  6274 | D:5      | Reached skill level 3 in Fighting
  6522 | D:5      | Found Baorhiott's Antique Weapon Boutique.
  6530 | D:5      | Reached XP level 7. HP: 57/57 MP: 3/16
  6538 | D:5      | Bought a pitted trident for 229 gold pieces
  6538 | D:5      | Identified the +8 trident of Yvyxzaf {vorpal, Will+ Int+4}
                  | (You bought it in a shop on level 5 of the Dungeon)
  6795 | D:5      | Reached skill level 4 in Fighting
  7142 | D:5      | Reached skill level 5 in Fighting
  7255 | D:5      | Noticed Eustachio
  7265 | D:5      | Killed Eustachio
  7275 | D:5      | Reached skill level 6 in Fighting
  7396 | D:5      | Reached XP level 8. HP: 65/71 MP: 14/17
  7800 | D:6      | Learned a level 3 spell: Mephitic Cloud
  7814 | D:6      | Reached skill level 7 in Fighting
  7921 | D:6      | Noticed a two-headed ogre
  8333 | D:6      | Killed a two-headed ogre
  8334 | D:6      | Reached skill level 8 in Fighting
  8334 | D:6      | Reached skill level 5 in Spellcasting
  8434 | D:6      | Learned a level 3 spell: Ignite Poison
  8594 | D:6      | Reached XP level 9. HP: 69/82 MP: 6/20
  8906 | D:6      | Noticed Pikel
  8915 | D:6      | Killed Pikel
  8916 | D:6      | Reached skill level 9 in Fighting
 10122 | D:7      | Found a staircase to the Ecumenical Temple.
 10377 | D:8      | Reached skill level 10 in Fighting
 10383 | D:8      | Identified the +0 leather armour "Coskicwu" {Harm rPois
                  | Dex+5}
 10438 | D:8      | Noticed a two-headed ogre
 10445 | D:8      | Killed a two-headed ogre
 10446 | D:8      | Reached skill level 1 in Armour
 11046 | D:8      | Reached XP level 10. HP: 94/94 MP: 18/24
 11059 | D:8      | HP: 3/88 [wight/+2 trident of freezing (2)]
 11072 | D:8      | Gained mutation: You are somewhat resistant to further
                  | mutation. [potion of mutation]
 12790 | D:9      | Learned a level 4 spell: Olgreb's Toxic Radiance
 13382 | D:9      | Reached skill level 1 in Poison Magic
 14161 | D:9      | Found a staircase to the Orcish Mines.
 14174 | D:9      | Noticed a two-headed ogre
 14185 | D:9      | Killed a two-headed ogre
 14186 | D:9      | Reached skill level 11 in Fighting
 14630 | D:10     | Entered Level 10 of the Dungeon
 15035 | D:10     | Found Lufoucw's Antique Armour Shop.
 15043 | D:10     | Bought a shimmering robe for 199 gold pieces
 15043 | D:10     | Identified the +0 robe "Buclu" {rPois rF+ rN+++ rCorr
                  | Dex-4} (You bought it in a shop on level 10 of the Dungeon)
 15368 | D:11     | Noticed a manticore
 15375 | D:11     | Killed a manticore
 15376 | D:11     | Reached XP level 11. HP: 47/102 MP: 1/27
 16860 | D:11     | Found a staircase to the Lair.
 17020 | D:11     | Reached skill level 5 in Dodging
 17562 | Lair:1   | Entered Level 1 of the Lair of Beasts
 17598 | Lair:1   | Reached skill level 12 in Fighting
 18163 | Lair:1   | Identified the +8 chain mail "Citac" {SInv Stlth+}
 19461 | Lair:2   | Noticed a catoblepas
 19471 | Lair:2   | Killed a catoblepas
 20526 | Lair:2   | Noticed a six-headed hydra
 20535 | Lair:2   | Killed a six-headed hydra
 20536 | Lair:2   | Reached XP level 12. HP: 101/112 MP: 6/28
 21244 | Lair:3   | Found a staircase to the Snake Pit.
 21578 | Lair:2   | Learned a level 4 spell: Summon Ice Beast
 21852 | Lair:2   | Reached skill level 10 in Dodging
 22029 | Lair:3   | Identified the +7 rapier of the Badger {drain, *Slow rElec
                  | Str-3 Dex+9}
 22479 | Lair:3   | Identified the +1 pair of boots of the Original Sin {+Blink
                  | rN+}
 23645 | Lair:4   | Found a staircase to the Swamp.
 24786 | Lair:4   | Learned a level 4 spell: Dispel Undead
 24849 | Lair:4   | Reached skill level 13 in Fighting
 25452 | Lair:4   | Noticed a five-headed hydra
 25457 | Lair:4   | Killed a five-headed hydra
 26379 | Lair:5   | Noticed an eight-headed hydra
 26388 | Lair:5   | Killed an eight-headed hydra
 26531 | Lair:5   | Noticed a six-headed hydra
 26537 | Lair:5   | Reached XP level 13. HP: 113/122 MP: 16/31
 27379 | Lair:5   | Identified the +1 ring mail of Keapniuz {Will+ rCorr Dex+2
                  | Slay-2 Stlth+}
 27501 | Lair:5   | Reached skill level 5 in Poison Magic
 27553 | Lair:5   | Reached skill level 1 in Shields
 27803 | Lair:5   | Reached skill level 10 in Spellcasting
 28467 | Lair:5   | Reached skill level 14 in Fighting
 28862 | Lair:5   | Reached skill level 5 in Shields
 31386 | Lair:5   | Got the Tome of Illusion
 31476 | Lair:6   | Entered Level 6 of the Lair of Beasts
 31929 | Lair:6   | Reached XP level 14. HP: 78/132 MP: 0/32
 32647 | Lair:5   | Reached skill level 10 in Shields
 32998 | Lair:6   | Got Kikubaaqudgha's Tome of Black Secrets
 34100 | Lair:6   | Found a staircase to the Slime Pits.
 36227 | Orc:1    | Entered Level 1 of the Orcish Mines
 36819 | Orc:2    | Entered Level 2 of the Orcish Mines
 37592 | Orc:2    | Found a staircase to the Elven Halls.
 37933 | Orc:2    | Found Buset's General Store.
 38679 | Orc:2    | Noticed an orc warlord
 39122 | Orc:2    | Killed an orc warlord
 40243 | Orc:2    | Found Ucahe's Book Emporium.
 40247 | Orc:2    | Found Usewel's Antique Weapon Emporium.
 40300 | Orc:2    | Found Vias's General Store.
 40307 | Orc:2    | Bought a scroll of fear for 52 gold pieces
 40307 | Orc:2    | Bought a potion of curing for 45 gold pieces
 40307 | Orc:2    | Bought a potion of curing for 45 gold pieces
 40316 | Orc:2    | Found Ceunak's Antique Armour Emporium.
 40323 | Orc:2    | Bought an ominously black robe for 148 gold pieces
 40323 | Orc:2    | Identified the +0 robe "Nugut" {Str+3 Stlth+} (You bought
                  | it in a shop on level 2 of the Orcish Mines)
 41087 | Orc:1    | Found Esocho's Armour Emporium.
 41205 | Orc:1    | Bought a +1 helmet of see invisible for 198 gold pieces
 42053 | D:12     | Reached XP level 15. HP: 107/139 MP: 1/34
 43047 | Snake:1  | Entered Level 1 of the Snake Pit
 43433 | Swamp:1  | Entered Level 1 of the Swamp
 45978 | Swamp:2  | Reached skill level 15 in Fighting
 46540 | Swamp:2  | Noticed a fenstrider witch
 46552 | Swamp:2  | Killed a fenstrider witch
 50312 | D:13     | Found Ciupt's Armour Shoppe.
 50744 | D:13     | Found Oronk's Assorted Antiques.
 50748 | D:13     | Bought a scroll of teleportation for 84 gold pieces
 50748 | D:13     | Bought a scroll of teleportation for 84 gold pieces
 51634 | D:14     | Noticed Josephine
 51647 | D:14     | Killed Josephine
 52483 | D:14     | Reached skill level 5 in Earth Magic
 52806 | D:14     | Noticed Frances
 52821 | D:14     | Killed Frances
 53641 | D:14     | Found a gate to the Vaults.
 54000 | D:14     | Noticed Roxanne
 54900 | D:14     | Found Xiuhudent's Antique Weapon Shop.
 54954 | D:14     | Reached skill level 16 in Fighting
 55733 | Elf:1    | Entered Level 1 of the Elven Halls
 55733 | Elf:1    | Found a runed translucent gate.
 55733 | Elf:1    | Found a runed translucent gate.
 55733 | Elf:1    | Found a runed translucent gate.
 55733 | Elf:1    | Found a runed translucent gate.
 55733 | Elf:1    | Found a runed translucent gate.
 55733 | Elf:1    | Found a runed translucent gate.
 55738 | Elf:1    | Found a runed translucent door.
 55740 | Elf:1    | Found a runed translucent door.
 56101 | Elf:1    | Found Roumoh Zymez's Assorted Antiques.
 56502 | Elf:1    | Reached XP level 16. HP: 148/151 MP: 8/37
 58113 | Snake:1  | Noticed Aizul
 58131 | Snake:1  | Killed Aizul
 58896 | Swamp:3  | Noticed Donald
 58910 | Swamp:3  | Killed Donald
 59701 | Swamp:3  | Noticed Mlioglotl
 59983 | Swamp:3  | Learned a level 7 spell: Ozocubu's Refrigeration
 60085 | Swamp:3  | Noticed a tentacled starspawn
 60960 | Snake:1  | Reached skill level 5 in Ice Magic
 66940 | Snake:2  | You fall into a shaft and drop 1 floor!
 67415 | Snake:3  | Reached skill level 10 in Ice Magic
 68544 | Snake:4  | Entered Level 4 of the Snake Pit
 69850 | Snake:4  | Reached XP level 17. HP: 94/159 MP: 3/38
 73893 | Snake:4  | Noticed a quicksilver dragon
 73893 | Snake:4  | Noticed a quicksilver dragon
 74066 | Snake:4  | Killed a quicksilver dragon
 74851 | Snake:4  | Killed a quicksilver dragon
 75568 | Snake:4  | Got a serpentine rune of Zot
 76011 | Elf:1    | Upgraded the game from 0.29-a0-723-gce39da1c22 to
                  | 0.29-a0-732-g3d7fbe0af2
 76294 | Elf:1    | Found Timuigoi's Assorted Antiques.
 76354 | Elf:1    | Bought a scorched tin ring for 190 gold pieces
 76354 | Elf:1    | Identified the ring "Ujuusuimp" {Fly rPois rN++ Int-5
                  | Dex+4} (You bought it in a shop on level 1 of the Elven
                  | Halls)
 76655 | Elf:1    | Found Vopimmu's Armour Boutique.
 76684 | Elf:1    | Found Ohiovaabru's Antique Weapon Boutique.
 76716 | Elf:1    | Noticed Jorgrun
 76729 | Elf:1    | Killed Jorgrun
 77458 | Elf:1    | Found Komich's Weapon Boutique.
 77906 | Elf:1    | Reached skill level 17 in Fighting
 80342 | Elf:1    | Found a runed translucent gate.
 80342 | Elf:1    | Found a runed translucent gate.
 80342 | Elf:1    | Found a runed translucent gate.
 80344 | Elf:1    | Found a runed translucent gate.
 80344 | Elf:1    | Found a runed translucent gate.
 80345 | Elf:1    | Found a runed translucent gate.
 80629 | Swamp:4  | Entered Level 4 of the Swamp
 82893 | Swamp:4  | Noticed the 27-headed Lernaean hydra
 83154 | Swamp:4  | Killed the 27-headed Lernaean hydra
 83598 | Swamp:4  | Noticed Bai Suzhen
 84000 | Swamp:4  | Killed Bai Suzhen
 84303 | Swamp:4  | Reached skill level 18 in Fighting
 85101 | Swamp:4  | Got a decaying rune of Zot
 85791 | Vaults:1 | Entered Level 1 of the Vaults
 86463 | Vaults:1 | Reached XP level 18. HP: 137/172 MP: 23/40
 86467 | Vaults:1 | Paralysed by a sphinx for 4 turns
 88440 | Vaults:1 | Noticed Saint Roka
 88444 | Vaults:1 | Learned a level 3 spell: Swiftness
 88704 | Vaults:1 | Killed Saint Roka
 90532 | Elf:1    | Bought the +2 leather armour of the Great Game {Drain rElec
                  | Will++ Stlth+} for 537 gold pieces
 92015 | Vaults:2 | Found a staircase to the Crypt.
 93436 | Vaults:2 | Found a transporter.
 93447 | Vaults:2 | Found a transporter.
 94557 | Vaults:3 | Reached skill level 1 in Evocations
 95418 | Vaults:3 | Slain by a vault warden

Illustrated notes

Levels and vault maps discovered:
D:1:      minmay_arrival_split_and_join, layout_basic
D:2:      layout_basic, hellmonk_ecumenical_altar_leap_of_faith,
          minmay_misc_feat_secret_circle, minmay_increasing_density
D:3:      layout_loops_ring, grunt_temple_overflow_growth_and_decay,
          nicolae_uskayaw_en_pointe
D:4:      layout_basic, mainiacjoe_overflow_chevrons, cheibrodos_worm_habitat
D:5:      layout_cave_pods, serial_shops, nicolae_shop_overgrown_old_shop,
          serial_park_tiny_pond, uniq_eustachio
D:6:      corexii_shack_village, layout_basic, uniq_pikel
D:7:      layout_rooms, okawaru_gym_becter, temple_statues
D:8:      layout_cave_pools, grunt_temple_overflow_open
D:9:      layout_gridville, elyvilon_altar_3
D:10:     layout_rooms, serial_shops, nicolae_shop_crystal, ldierk_geyser
D:11:     layout_basic, erik_lair_dragon, nrook_loot_triangle,
          nicolae_tso_swordbearing_angel
D:12:     layout_irregular_city
D:13:     layout_basic, serial_shops, shop,
          nicolae_shop_competitors_out_of_business,
          nrook_guardian_serpent_ordinary
D:14:     layout_stronghold, ximxim_vaults_locker_room, kiku_gazebo_pond_becter,
          serial_shops, shop, uniq_josephine, uniq_roxanne, uniq_frances
Lair:1:   layout_roguey [special_room_bee], serial_forest,
          infiniplex_forest_lined_2, infiniplex_forest_clump_tiny,
          infiniplex_forest_lined_3, infiniplex_forest_3_way,
          infiniplex_forest_zigzag_1, infiniplex_forest_straight_1
Lair:2:   layout_chaotic_city, tgw_fedhas
Lair:3:   layout_gridlike, guppyfry_snake_entry_island,
          infiniplex_staircase_pool
Lair:4:   layout_regular_city, swamp_mist, infiniplex_staircase_pool_2,
          lemuel_fruit_fields
Lair:5:   nzn_winding_woodlands_huge [nzn_winding_woodlands_5x15_zeroes,
          nzn_winding_woodlands_5x15_jagged, nzn_winding_woodlands_5x15_garden,
          nzn_winding_woodlands_5x15_longhouse,
          nzn_winding_woodlands_5x15_river_crossing,
          nzn_winding_woodlands_5x15_sawtooth, nzn_winding_woodlands_5x15_pool,
          nzn_winding_woodlands_5x15_pockets, nzn_winding_woodlands_5x15_twine,
          nzn_winding_woodlands_5x15_eye, nzn_winding_woodlands_center_garden,
          nzn_winding_woodlands_center_pierced_h,
          nzn_winding_woodlands_15x15_five_gardens], layout_big_grid
Lair:6:   hangedman_lair_caniforms_friends, layout_concentric_octagons,
          slime_entry_1, serial_bayou_shore_b, grunt_megastairs_4
Swamp:1:  layout_basic_swamp, evilmike_swamp_ruin_rubble_1
Swamp:2:  layout_basic_swamp, evilmike_swamp_ruin_house_1
Swamp:3:  layout_falls_marsh, nicolae_swamp_triple_paths,
          nicolae_swamp_bunyip_nook, uniq_donald, uniq_mlioglotl
Swamp:4:  swamp_old_school, layout_basic_swamp, uniq_bai_suzhen
Snake:1:  layout_onion_interference, basic_altar, uniq_aizul
Snake:2:  layout_chambers, nicolae_snake_salamander_fort
Snake:3:  layout_basic, basic_altar
Snake:4:  hellmonk_snake_rune_quicksilver_temple, layout_cave_shapes
Orc:1:    layout_caves, serial_shops, shop, hellmonk_bongcloud_opening
Orc:2:    grunt_orc_cross, layout_diamond_mine, basic_altar, serial_shops, shop
Elf:1:    nicolae_elf_arrival_dilemma, layout_gridlike, serial_shops,
          nicolae_shop_stone, shop, shop, nicolae_shop_advertising_works
          [nicolae_subvault_shop_adworks], shop, orc_legates, uniq_jorgrun
Vaults:1: dpeg_vaults_monster_box, v_misc_17, v_misc_4, v_rooms_3,
          vaults_dpeg_encased_lava, nicolae_vaults_border_crossing, v_misc_23,
          hangedman_vaults_pinch, serial_ice_b, layout_vaults_ring,
          uniq_saint_roka
Vaults:2: gammafunk_sealed_arena, minmay_crypt_entry_simple_round,
          ontoclasm_vaults_fault, nicolae_vaults_mini_display_case,
          vaults_mumra_hex, v_rooms_4, v_misc_25, layout_vaults_omnigrid
Vaults:3: hangedman_vaults_nails, v_rooms_5, v_misc_8, v_misc_14,
          grunt_vaults_diagonal, vaults_dpeg_hooks, hangedman_vaults_stream,
          vaults_room_grid, hangedman_vaults_stitches, v_alt_pattern_5,
          nicolae_vaults_network_star, ontoclasm_vaults_misaligned,
          ontoclasm_vaults_ring_small, grunt_vaults_bifocal,
          ontoclasm_vaults_twist, layout_vaults_maze_bifur, serial_shops, shop

Skill      XL: |  1  2  3  4  5  6  7  8  9 10 11 12 13 14 15 16 17 18 |
---------------+-------------------------------------------------------+-----
Spellcasting   | 2 3 4 5 7 8 9 10 12 13 | 13.8
Earth Magic    | 2 3 4 5 |  5.0
Ice Magic      | 4 11 12 | 12.0
Fighting       | 3 6 8 10 11 12 13 14 16 18 | 18.9
Armour         | 2 3 4 |  4.0
Poison Magic   | 3 4 5 |  5.0
Dodging        | 3 9 10 11 12 13 14 | 14.0
Shields        | 9 12 13 | 13.0
Evocations     | 1 |  1.9
Stealth        | |  1.7

Action                   |  1- 3 |  4- 6 |  7- 9 | 10-12 | 13-15 | 16-18 || total
-------------------------+-------+-------+-------+-------+-------+-------++-------
Melee: Unarmed           |    12 |       |       |       |       |       ||    12
       Punch             |     3 |       |       |     1 |       |       ||     4
       Staff             |    76 |    67 |     1 |       |       |       ||   144
       Trident           |       |       |   117 |   162 |   273 |   143 ||   695
Throw: Javelin           |       |       |       |       |       |     8 ||     8
 Cast: Freeze            |    48 |    12 |       |     7 |       |       ||    67
       Frozen Ramparts   |     6 |    19 |    40 |    28 |    51 |    55 ||   199
       Ozocubu's Armour  |       |     8 |    24 |    22 |    66 |    69 ||   189
       Stone Arrow       |       |     4 |    27 |   223 |   512 |   687 ||  1453
       Ignite Poison     |       |       |       |    40 |    63 |    25 ||   128
       Mephitic Cloud    |       |       |       |    17 |    20 |     1 ||    38
       Olgreb's Toxic Ra |       |       |       |    20 |   135 |    47 ||   202
       Summon Ice Beast  |       |       |       |     2 |    15 |    56 ||    73
       Ozocubu's Refrige |       |       |       |       |       |    78 ||    78
       Dispel Undead     |       |       |       |       |       |     7 ||     7
       Swiftness         |       |       |       |       |       |     2 ||     2
Evoke: Wand              |       |       |       |       |    17 |    28 ||    45
       Phantom mirror    |       |       |       |       |       |     3 ||     3
  Use: Scroll            |     9 |       |     5 |    10 |     5 |    19 ||    48
       Potion            |       |       |       |     8 |     9 |    19 ||    36
 Stab: Sleeping          |     3 |       |     2 |     2 |       |       ||     7
       Confused          |       |       |       |     1 |     4 |       ||     5
       Distracted        |       |       |       |       |     1 |     3 ||     4
Armor: Robe              |    39 |    16 |    17 |       |     6 |    14 ||    92
       Leather armour    |       |       |     3 |    57 |   151 |    80 ||   291
       Quicksilver drago |       |       |       |       |       |    43 ||    43
Dodge: Dodged            |    73 |    60 |    79 |   280 |   649 |   448 ||  1589
       Repelled          |       |       |       |       |       |    33 ||    33
Block: Kite shield       |       |       |       |       |   256 |   536 ||   792
       Reflection        |       |       |       |       |       |    61 ||    61

Table legend: (Time is in decaauts)
 A = Elapsed time spent in this place.
 B = Non-inter-level travel time spent in this place.
 C = Inter-level travel time spent in this place.
 D = Time resting spent in this place.
 E = Time spent auto-exploring this place.
 F = Levels seen in this place.
 G = Mean time per level.
                   A        B        C        D        E       F      G
               +--------+--------+--------+--------+--------+-----+--------+
         Total |  96079 |  91815 |   4264 |  56354 |  25599 |  34 | 2825.9 |
       Dungeon |  26364 |  24299 |   2065 |   9455 |  12309 |  14 | 1883.1 |
          Lair |  21269 |  20363 |    906 |  12770 |   5721 |   6 | 3544.8 |
         Swamp |  12890 |  12328 |    562 |   9357 |   1144 |   4 | 3222.5 |
     Snake Pit |  15273 |  15073 |    200 |  10706 |   2808 |   4 | 3818.2 |
  Orcish Mines |   7603 |   7365 |    238 |   5326 |   1093 |   2 | 3801.5 |
   Elven Halls |   3712 |   3603 |    109 |   2588 |    479 |   1 | 3712.0 |
        Vaults |   8965 |   8783 |    182 |   6152 |   2044 |   3 | 2988.3 |
               +--------+--------+--------+--------+--------+-----+--------+

Top non-repeatable levels by time:
  Lair:5: 6264 daAuts
   Orc:2: 5772 daAuts
  Lair:3: 4533 daAuts
 Swamp:4: 4444 daAuts
    D:14: 4380 daAuts
 Snake:3: 4369 daAuts
 Snake:4: 4198 daAuts
 Snake:2: 4093 daAuts
Vaults:2: 4069 daAuts
 Swamp:1: 4033 daAuts
Vaults:1: 3971 daAuts
   Elf:1: 3712 daAuts
  Lair:6: 3496 daAuts
    D:11: 3105 daAuts
 Swamp:2: 2936 daAuts
